 Dungeon Crawl Stone Soup version 0.30-a0-702-gdf48620a09 (webtiles) character file.

Game seed: 14815088151977364512

342 pokeman the Magician (level 6, 0/34 HPs)
             Began as a Deep Elf Hedge Wizard on Jan 21, 2023.
             Slain by a kobold
             ... wielding a +0 short sword
              (1 damage)
             ... on level 4 of the Dungeon on Jan 22, 2023.
             The game lasted 00:07:05 (4068 turns).

pokeman the Magician (Deep Elf Hedge Wizard)        Turns: 4068, Time: 00:07:05

Health: 0/34       AC:  3    Str:  7    XL:     6   Next: 30%
Magic:  1/18       EV: 13    Int: 21    God:
Gold:   84         SH:  0    Dex: 14    Spells: 11/19 levels left

rFire   . . .      SeeInvis .    p - +0 short sword (drain)
rCold   . . .      Faith    .    (no shield)
rNeg    . . .      Spirit   .    b - +0 robe
rPois   .          Reflect  .    s - +0 helmet
rElec   .          Harm     .    (no cloak)
rCorr   .          Rampage  .    (no gloves)
Will    .....                    (no boots)
Stlth   ++                       (no amulet)
HPRegen 0.25/turn                i - ring of flight
MPRegen 0.16/turn                (no ring)

@: flying, very slightly contaminated
A: no striking features
a: no special abilities


You were on level 4 of the Dungeon.
You visited 1 branch of the dungeon, and saw 4 of its levels.

You collected 84 gold pieces.

Inventory:

Hand Weapons
 p - a +0 short sword of draining (weapon)
Armour
 b - a +0 robe (worn)
 s - a +0 helmet (worn)
Magical Staves
 j - a staff of air
Jewellery
 i - a ring of flight (left hand)
Wands
 o - a wand of acid (8)
 t - a wand of paralysis (10)
Scrolls
 a - 2 scrolls of enchant weapon {unknown}
 c - a scroll of fog {unknown}
 f - 6 scrolls of identify {unknown}
 k - 2 scrolls of brand weapon {unknown}
 l - a scroll of teleportation {unknown}
 m - a scroll of amnesia {unknown}
 n - a scroll of enchant armour {unknown}
 r - a scroll of blinking {unknown}
Potions
 d - a potion of magic
 e - 2 potions of attraction {unknown}
 g - 3 potions of curing
 h - a potion of berserk rage {unknown}
 q - a potion of resistance {unknown}


   Skills:
 + Level 1.3 Fighting
 - Level 1.0 Armour
 - Level 3.0 Dodging
 - Level 3.0 Stealth
 * Level 7.0 Spellcasting
 + Level 3.2 Conjurations
 + Level 1.1 Summonings
 - Level 1.1 Translocations
 - Level 1.0 Air Magic
 - Level 1.0 Poison Magic
 - Level 1.0 Evocations


You had 11 spell levels left.
You knew the following spells:

 Your Spells              Type           Power      Damage    Failure   Level
a - Magic Dart            Conj           80%        1d7       2%          1
b - Mephitic Cloud        Conj/Pois/Air  14%        N/A       13%         3
c - Call Imp              Summ           12%        N/A       9%          2
d - Blink                 Tloc           22%        N/A       9%          2

Your spell library contained the following spells:

 Spells                   Type           Power      Damage    Failure   Level
 Slow                     Hex            28%        N/A       9%          1
 Cigotuvi's Dreadful Rot  Necr/Pois/Air  20%        N/A       10%         2
 Frozen Ramparts          Ice            14%        1d3       26%         3
 Summon Ice Beast         Ice/Summ       9%         N/A       56%         4
 Cause Fear               Hex            3%         N/A       65%         4
 Ice Form                 Ice/Tmut       7%         N/A       65%         4
 Dragon Form              Tmut           3%         N/A       100%        7
 Dragon's Call            Summ           6%         N/A       100%        9


Dungeon Overview and Level Annotations

Branches:
Dungeon (4/15)
 Temple: D:4-7

Altars:
Zin

Shops:
D:1 =

Annotations:
D:3 1 runed translucent door, THTSBRD's ghost, amateur DrTm


Message History

Your magical contamination has completely faded away.
Casting: Magic Dart (safe; 2% risk of failure)
Confirm with . or Enter, or press ? or * to list all spells.
Aiming: Magic Dart (safe; 2% risk of failure)
Press: ? - help, Shift-Dir - straight line, f/p - orc priest
Aim: an orc priest, wielding a +0 morningstar and wearing a +0 leather armour (moderately wounded, 100% to hit)
The magic dart hits the orc priest.
The orc priest is severely wounded.
The orc priest hits you with a +0 morningstar.
* * * LOW HITPOINT WARNING * * *
The kobold barely misses you. The orc hits you but does no damage.
Casting: Magic Dart (safe; 2% risk of failure)
Confirm with . or Enter, or press ? or * to list all spells.
The spell is quite dangerous to miscast (13% risk of failure)!
Continue anyway?
Aiming: Mephitic Cloud (quite dangerous; 13% risk of failure)
Press: ? - help, Shift-Dir - straight line, f/p - orc priest
Aim: an orc priest, wielding a +0 morningstar and wearing a +0 leather armour (severely wounded, chance to affect: 86%) That beam is likely to hit you.
Continue anyway?
You miscast Mephitic Cloud.
You are very lightly contaminated with residual magic.
Nothing appears to happen.
The orc priest misses you. The kobold hits you but does no damage.
The orc barely misses you.
You barely miss the orc priest.
The orc priest is severely wounded.
The orc priest hits you with a +0 morningstar.
* * * LOW HITPOINT WARNING * * *
The kobold barely misses you. The orc closely misses you.
You hit the orc.
The orc is severely wounded.
The orc priest barely misses you. The kobold misses you. The orc misses you.
You hit the kobold but do no damage. The orc priest completely misses you.
The kobold barely misses you. The orc hits you with a +0 dagger.
* * * LOW HITPOINT WARNING * * *
You hit the orc.
You kill the orc!
The kobold hits you but does no damage. The orc priest misses you.
You closely miss the orc priest.
The orc priest is severely wounded.
The kobold hits you with a +0 short sword.
You die...

#.............)...#)..#.........#
#..#...#...############).........
############............######'#.
#............#......#.
#............#......#.
#............#......#.
#............#......#.
#...K........#......#.
#...o@.......#......#.
#)..)........##.....#.
#.)#)#######'####.....## ....
..............# ...
..............# ..
..............# # ##....##......#
#....####'#### #... #.......#


You could see an orc priest and a kobold.

Vanquished Creatures
  A necrophage (D:4)
  A scorpion (D:4)
  An orc wizard (D:3)
  Robin (D:3)
  4 gnolls (D:4)
  4 adders
  An ufetubus (D:4)
  2 dart slugs
  8 orcs
  4 ball pythons
  4 endoplasms
  A giant cockroach (D:2)
  8 goblins
  9 hobgoblins
  3 jackals (D:4)
  7 kobolds
  A quokka (D:2)
  3 bats
  3 frilled lizards
  3 rats
69 creatures vanquished.

Vanquished Creatures (collateral kills)
  Ijyb (D:2)
  A worm (D:2)
2 creatures vanquished.

Grand Total: 71 creatures vanquished

Notes
Turn   | Place    | Note
-------+----------+-------------------------------------------
     0 | D:1      | pokeman the Deep Elf Hedge Wizard began the quest for the
                  | Orb.
     0 | D:1      | Reached XP level 1. HP: 10/10 MP: 7/7
   212 | D:1      | Found Sool Voo's Jewellery Boutique.
   449 | D:1      | Reached XP level 2. HP: 15/15 MP: 7/9
   839 | D:1      | Found a faded altar of an unknown god.
  1013 | D:2      | Reached skill level 5 in Spellcasting
  1177 | D:2      | Reached XP level 3. HP: 20/20 MP: 8/11
  1184 | D:2      | Learned a level 3 spell: Mephitic Cloud
  1372 | D:2      | Learned a level 2 spell: Call Imp
  1375 | D:2      | Learned a level 2 spell: Blink
  1535 | D:2      | Reached skill level 1 in Armour
  1749 | D:2      | Reached skill level 1 in Fighting
  2087 | D:3      | Noticed Robin
  2092 | D:3      | Reached XP level 4. HP: 22/25 MP: 4/13
  2156 | D:3      | Noticed Ijyb
  2185 | D:2      | Killed Ijyb
  2281 | D:2      | Upgraded the game from 0.30-a0-696-g2367cd04db to
                  | 0.30-a0-702-gdf48620a09
  2657 | D:3      | Found a runed translucent door.
  2657 | D:3      | Noticed a bullfrog
  2660 | D:3      | Noticed THTSBRD's ghost (amateur DrTm)
  2727 | D:3      | Reached skill level 6 in Spellcasting
  2727 | D:3      | Reached XP level 5. HP: 6/29 MP: 7/15
  2911 | D:3      | Killed Robin
  3609 | D:4      | Reached skill level 1 in Air Magic
  3609 | D:4      | Reached skill level 1 in Poison Magic
  3733 | D:4      | Reached XP level 6. HP: 34/34 MP: 9/17
  3865 | D:4      | Found a glowing silver altar of Zin.
  3889 | D:4      | Reached skill level 1 in Evocations
  4026 | D:4      | Reached skill level 7 in Spellcasting
  4066 | D:4      | HP: 1/34 [orc/+0 dagger (3)]
  4068 | D:4      | Slain by a kobold

Illustrated notes

Levels and vault maps discovered:
D:1:      ebering_trefoil_3fold, layout_loops_ring,
          shapermc_ecumenical_altar_mp_ritualfount, serial_shops, shop,
          minmay_tetromino_s4
D:2:      layout_loops_cross
D:3:      layout_loops_corners, ebering_ghost_sewer_d, nicolae_goblin_pals
D:4:      layout_gridville, zin_statuary, minmay_temple_entry_gardened_gates,
          uniq_sigmund

Skill      XL: |  1  2  3  4  5  6 |
---------------+-------------------+-----
Spellcasting   | 5 6 7 |  7.0
Armour         | 1 |  1.0
Conjurations   | 2 3 |  3.2
Fighting       | 1 |  1.3
Dodging        | 3 |  3.0
Stealth        | 3 |  3.0
Air Magic      | 1 |  1.0
Poison Magic   | 1 |  1.0
Evocations     | 1 |  1.0
Summonings     | |  1.1
Translocations | |  1.1

Action                   |  1- 3 |  4- 6 || total
-------------------------+-------+-------++-------
Melee: Dagger            |    13 |    14 ||    27
       Short sword       |       |    31 ||    31
       Punch             |       |     1 ||     1
 Cast: Magic Dart        |    94 |   119 ||   213
       Mephitic Cloud    |     1 |     4 ||     5
       Call Imp          |     1 |     2 ||     3
  Use: Potion            |       |     1 ||     1
 Stab: Sleeping          |     1 |       ||     1
       Confused          |       |     5 ||     5
Armor: Robe              |     8 |     9 ||    17
Dodge: Dodged            |    27 |    52 ||    79

Table legend: (Time is in decaauts)
 A = Elapsed time spent in this place.
 B = Non-inter-level travel time spent in this place.
 C = Inter-level travel time spent in this place.
 D = Time resting spent in this place.
 E = Time spent auto-exploring this place.
 F = Levels seen in this place.
 G = Mean time per level.
                   A        B        C        D        E       F      G
               +--------+--------+--------+--------+--------+-----+--------+
         Total |   4069 |   4030 |     39 |    306 |   3198 |   4 | 1017.2 |
       Dungeon |   4069 |   4030 |     39 |    306 |   3198 |   4 | 1017.2 |
               +--------+--------+--------+--------+--------+-----+--------+

Top non-repeatable levels by time:
     D:2: 1203 daAuts
     D:3: 1148 daAuts
     D:1: 1091 daAuts
     D:4: 626 daAuts
